 Dungeon Crawl Stone Soup version 0.29-a0-233-g1125b37a9b (webtiles) character file.

Game seed: 5586614708102403797

393 enile the Skirmisher (level 6, -4/51 HPs)
             Began as a Demonspawn Gladiator on Mar 1, 2022.
             Was a Believer of Qazlal.
             Blown up by a gnoll (18 damage)
             ... with a mindburst bolt
             ... on level 5 of the Dungeon.
             The game lasted 00:07:44 (5142 turns).

enile the Skirmisher (Demonspawn Gladiator)         Turns: 5142, Time: 00:07:45

Health: -4/51      AC:  9    Str: 16    XL:     6   Next: 51%
Magic:  7/7        EV: 14    Int: 10    God:    Qazlal [**....]
Gold:   250        SH:  3    Dex: 14    Spells: 5/5 levels left

rFire   . . .      SeeInvis +   a - +0 war axe
rCold   . . .      Faith    .   (no shield)
rNeg    . . .      Spirit   .   y - +0 scale mail
rPois   .          Reflect  .   c - +0 helmet
rElec   .          Harm     .   (no cloak)
rCorr   .          Rampage  .   (no gloves)
Will    .....                   (no boots)
Stlth   ..........              (no amulet)
HPRegen 0.17/turn               j - ring of see invisible
MPRegen 0.10/turn               u - +4 ring of evasion

@: mighty
A: thin metallic scales 1, powered by pain 2, demonic touch 2
a: Renounce Religion, Upheaval


You were on level 5 of the Dungeon.
You worshipped Qazlal.
Qazlal was pleased with you.
You visited 1 branch of the dungeon, and saw 5 of its levels.

You collected 250 gold pieces.

Inventory:

Hand Weapons
 a - a +0 war axe (weapon)
 s - a +0 morningstar
Missiles
 p - 5 poisoned darts (quivered)
Armour
 b - a +0 leather armour
 c - a +0 helmet (worn)
 r - a +0 ring mail
 y - a +0 scale mail (worn)
Magical Staves
 k - a staff of conjuration
Jewellery
 j - a ring of see invisible (left hand)
 l - a ring of ice
 u - a +4 ring of evasion (right hand)
Wands
 v - a wand of flame (10)
 B - a wand of iceblast (6)
Scrolls
 e - a scroll of blinking {unknown}
 g - 3 scrolls of vulnerability {unknown}
 h - a scroll of holy word {unknown}
 i - 2 scrolls of identify {unknown}
 m - a scroll of acquirement {unknown}
 q - a scroll of amnesia {unknown}
 t - 2 scrolls of fear {unknown}
 w - a scroll of fog {unknown}
Potions
 f - a potion of invisibility
 n - a potion of might
 o - 2 potions of mutation {unknown}
 x - 2 potions of curing {unknown}
 z - a potion of brilliance {unknown}
 A - a potion of degeneration {unknown}


   Skills:
 - Level 5.0 Fighting
 - Level 4.1 Axes
 - Level 2.0 Throwing
 - Level 2.0 Armour
 - Level 2.8 Dodging
 + Level 2.3 Invocations


You had 5 spell levels left.
You didn't know any spells.
Your spell library contained the following spells:

 Spells                   Type           Power      Damage    Failure   Level
 Beastly Appendage        Tmut           0%         N/A       80%         1
 Wereblood                Tmut           0%         N/A       91%         2
 Spider Form              Tmut/Pois      0%         N/A       99%         3


Dungeon Overview and Level Annotations

Branches:
Dungeon (5/15)
 Temple: D:4-7

Altars:
Qazlal
Sif Muna


Innate Abilities, Weirdness & Mutations

You are partially covered in thin metallic scales. (AC +2)
You sometimes gain power by taking damage.
Your touch may inflict irresistible damage on your foes.


Message History

You feel very sick. You block the scorpion's attack.
Throw: throwing net
Press: ? - help, Q - select action, (/) - cycle Shift-Dir - straight line, f - scorpion
Aim: a scorpion (62% to hit)
You throw a throwing net.
The throwing net closely misses the scorpion.
You feel very sick. The scorpion stings you.
It was a potion of might.
You feel very mighty all of a sudden.
You feel very sick. The scorpion barely misses you.
You slash the scorpion!
The scorpion is almost dead.
You feel sick. The scorpion misses you. The scorpion stings you.
You slash the scorpion!
You kill the scorpion!
Qazlal accepts your kill.
You feel sick.
Your Invocations skill gained 2 levels and is now at level 2!
You remove your ring of ice.
You feel sick.
u - a +4 ring of evasion (right hand)
You hear a shout!
You feel sick.
You feel sick.
You feel sick.
A gnoll comes into view.
It is wielding a +0 spear and carrying a wand of mindburst (4).
A gnoll is nearby!
A gnoll is nearby!
You feel sick.
You are no longer poisoned.
The gnoll misses you. The gnoll barely misses you.
A gnoll comes into view. It is wielding a +0 club.
You slash the gnoll! Your punch misses the gnoll.
The gnoll is severely wounded.
You hear a shout!
The gnoll zaps a wand.
Your mind is blasted!
You die...

.##
#......)#####.#
.. ##..#######
#.# .. ##.##.
#.# ....#(...
#.# ....>.†.##
#### #.# #g.#
#..## #.# ##.#
#...# #.#
#g###.#.## #.#
#.@##.#..## #.#
##.....#..#
#####.#
###.#..#.#
#......
#.##.#.###......
#..#.#..##......
##.#.##.##......
.#..#.........
#......#.....).
####.#.........


You could see 2 gnolls.

Vanquished Creatures
  An ogre (D:5)
  A scorpion (D:5)
  An orc priest (D:2)
  An iguana (D:2)
  An orc wizard (D:5)
  8 adders
  2 worms
  2 dart slugs
  7 orcs
  10 ball pythons
  9 bats
  10 endoplasms
  3 giant cockroaches
  9 goblins
  6 hobgoblins (D:1)
  4 jackals
  9 kobolds
  3 quokkas (D:2)
  2 frilled lizards (D:3)
  9 rats
98 creatures vanquished.

Notes
Turn   | Place    | Note
-------+----------+-------------------------------------------
     0 | D:1      | enile the Demonspawn Gladiator began the quest for the Orb.
     0 | D:1      | Reached XP level 1. HP: 16/16 MP: 1/1
   483 | D:1      | Gained mutation: You sometimes gain a little power by
                  | taking damage. [demonic ancestry]
   483 | D:1      | Reached XP level 2. HP: 18/22 MP: 2/2
  1070 | D:1      | Reached skill level 3 in Fighting
  1122 | D:1      | Gained mutation: You are partially covered in thin metallic
                  | scales. (AC +2) [demonic ancestry]
  1122 | D:1      | Reached XP level 3. HP: 29/29 MP: 3/3
  1169 | D:1      | Found a faded altar of an unknown god.
  1202 | D:1      | Prayed at the altar of an unknown god.
  1202 | D:1      | Became a worshipper of Qazlal Stormbringer
  1202 | D:1      | Reached * piety under Qazlal
  1716 | D:1      | Reached skill level 1 in Armour
  1969 | D:2      | Gained mutation: Your touch may inflict minor irresistible
                  | damage on your foes. [demonic ancestry]
  1969 | D:2      | Reached XP level 4. HP: 14/35 MP: 4/4
  2295 | D:2      | Found a shimmering blue altar of Sif Muna.
  3389 | D:2      | Reached skill level 4 in Fighting
  3389 | D:2      | Gained mutation: You sometimes gain power by taking damage.
                  | [demonic ancestry]
  3389 | D:2      | Reached XP level 5. HP: 37/42 MP: 5/5
  3503 | D:2      | Reached ** piety under Qazlal
  4231 | D:4      | Reached skill level 5 in Fighting
  4694 | D:5      | Entered Level 5 of the Dungeon
  4695 | D:5      | Noticed an ogre
  4911 | D:5      | Gained mutation: Your touch may inflict irresistible damage
                  | on your foes. [demonic ancestry]
  4911 | D:5      | Reached XP level 6. HP: 42/51 MP: 6/6
  5142 | D:5      | Blown up by a gnoll

Illustrated notes

Levels and vault maps discovered:
D:1:      minmay_arrival_semitransparent, layout_basic,
          hellmonk_ecumenical_altar_prayer_group, hex_intersection
D:2:      layout_loops_ring, basic_altar, serial_aquarium,
          aquarium_bridge_long_separate [aquarium_subvault_bridge,
          aquarium_subvault_bridge, aquarium_subvault_balcony,
          aquarium_subvault_window, aquarium_subvault_window,
          aquarium_subvault_bridge], aquarium_bridge_square
          [aquarium_subvault_bridge, aquarium_subvault_bridge,
          aquarium_subvault_wall, aquarium_subvault_bridge],
          aquarium_window_corridor_1, aquarium_window_1, aquarium_window_2,
          aquarium_view_2d, minmay_hedge_maze, minmay_misc_feat_pillars,
          serial_bayou_pond_e
D:3:      layout_rooms
D:4:      layout_basic
D:5:      layout_rooms, uniq_pikel

Skill      XL: |  1  2  3  4  5  6 |
---------------+-------------------+-----
Throwing       | 2 |  2.0
Fighting       | 3 4 5 |  5.0
Axes           | 3 4 |  4.1
Armour         | 2 |  2.0
Invocations    | 2 |  2.3
Dodging        | |  2.8

Action                   |  1- 3 |  4- 6 || total
-------------------------+-------+-------++-------
Melee: War axe           |   144 |   126 ||   270
       Punch             |     1 |     2 ||     3
       Touch             |       |    17 ||    17
Throw: Throwing net      |     4 |     1 ||     5
       Dart              |     2 |     1 ||     3
Evoke: Wand              |       |     2 ||     2
  Use: Potion            |       |     2 ||     2
 Stab: Held in net/web   |     1 |       ||     1
Armor: Leather armour    |    44 |    12 ||    56
       Ring mail         |       |    21 ||    21
       Scale mail        |       |    21 ||    21
Dodge: Dodged            |    79 |   100 ||   179
Block: Other             |     1 |    14 ||    15

Table legend: (Time is in decaauts)
 A = Elapsed time spent in this place.
 B = Non-inter-level travel time spent in this place.
 C = Inter-level travel time spent in this place.
 D = Time resting spent in this place.
 E = Time spent auto-exploring this place.
 F = Levels seen in this place.
 G = Mean time per level.
                   A        B        C        D        E       F      G
               +--------+--------+--------+--------+--------+-----+--------+
         Total |   5242 |   5064 |    178 |    503 |   3622 |   5 | 1048.4 |
       Dungeon |   5242 |   5064 |    178 |    503 |   3622 |   5 | 1048.4 |
               +--------+--------+--------+--------+--------+-----+--------+

Top non-repeatable levels by time:
     D:1: 1836 daAuts
     D:2: 1799 daAuts
     D:4: 878 daAuts
     D:3: 463 daAuts
     D:5: 263 daAuts
